 Dungeon Crawl Stone Soup version 0.32-a0-329-ge6c31236d6 (webtiles) character file.

Game seed: 12433225715472037229

77 Bobbunny the Sneak (level 4, -5/42 HPs)
             Began as a Naga Warper on Feb 17, 2024.
             Slain by Natasha (9 damage)
             ... on level 1 of the Dungeon.
             The game lasted 00:01:49 (1372 turns).

Bobbunny the Sneak (Naga Warper)                    Turns: 1372, Time: 00:01:49

Health: -5/42      AC:  2    Str: 15    XL:     4   Next: 34%
Magic:  7/7        EV:  9    Int: 14    God:
Gold:   76         SH:  0    Dex: 10    Spells: 7/7 levels left

rFire   . .          .
                       - Unarmed
rCold   . . .        (no shield)
rNeg    . . .        a - +0 leather armour
rPois   +            (no helmet)
rElec   .            (no cloak)
rCorr   .            (no gloves)
SInv    +            (no barding)
Will    .....        (no amulet)
Stlth   ++           (no ring)
HPRegen 0.27/turn    (no ring)
MPRegen 0.10/turn

%: no passive effects
@: very slow
A: AC +1, large, see invisible, deformed body, poison resistance, slowness 2,
spit poison 1, naga tail 1
a: Spit Poison


You were on level 1 of the Dungeon.
You visited 1 branch of the dungeon, and saw 2 of its levels.

You collected 76 gold pieces.

Inventory:

Missiles
 c - 6 darts of dispersal
 f - 7 stones
Armour
 a - a +0 leather armour (worn)
Jewellery
 d - an amulet of magic regeneration
Scrolls
 b - 2 scrolls of blinking
 e - a scroll of fear {unknown}
 h - a scroll of identify {unknown}
 i - 2 scrolls of noise {unknown}
 j - a scroll of enchant weapon {unknown}
 k - a scroll of brand weapon {unknown}
 l - a scroll of teleportation {unknown}
Potions
 g - a potion of heal wounds {unknown}
 m - a potion of berserk rage {unknown}


   Skills:
 + Level 3.0 Fighting
 - Level 1.0 Throwing
 - Level 0.7 Armour
 - Level 1.5 Dodging
 + Level 3.2 Stealth
 + Level 3.0 Unarmed Combat
 - Level 2.0 Spellcasting
 - Level 3.0 Translocations


You had 7 spell levels left.
You didn't know any spells.
Your spell library contained the following spells:

 Spells                   Type           Power      Damage    Failure   Level
 Blink                    Tloc           18%        N/A       13%         2
 Lesser Beckoning         Tloc           18%        N/A       13%         2
 Teleport Other           Tloc           9%         N/A       26%         3
 Manifold Assault         Tloc           9%         N/A       63%         4
 Vhi's Electric Charge    Tloc/Air       10%        N/A       83%         4


Dungeon Overview and Level Annotations

Branches:
Dungeon (2/15)

Altars:

Annotations:
D:1 Natasha


Innate Abilities, Weirdness & Mutations

Your serpentine skin is tough. (AC +1)
You have supernaturally acute eyesight. (SInv)
Armour fits poorly on your strangely shaped body.
Your system is resistant to poisons. (rPois)
You cover ground very slowly.
You can spit poison.
You have a snake-like lower body.


Message History

Items here: ) [ ††.
There is a stone staircase leading down here.
You now have 76 gold pieces (gained 7).
Found a stone staircase leading up.
Natasha, Servant of Life and Death comes into view.
Natasha is nearby!
Natasha is nearby!
Natasha is nearby!
A bat comes into view.
Natasha hisses angrily.
You hear a shout!
Natasha casts a spell.
A goblin comes into view. It is wielding a +0 club.
The splash of poison hits the bat!
The bat is poisoned.
You kill the bat!
The cerulean imp hits you from afar with a +2 spear.
You have got your breath back.
The cerulean imp attacks as it pursues you!
The cerulean imp hits you from afar with a +2 spear!
The cerulean imp hits you from afar with a +2 spear.
Natasha casts a spell at you. The magic dart hits you!
The cerulean imp barely misses you.
The cerulean imp hits you from afar with a +2 spear.
The cerulean imp attacks as it pursues you!
The cerulean imp closely misses you. Natasha attacks as she pursues you!
Natasha claws you!
* * * LOW HITPOINT WARNING * * *
The cerulean imp hits you from afar with a +2 spear.
* * * LOW HITPOINT WARNING * * *
There is a stone staircase leading up, spattered with blood here.
Natasha stares at you and mumbles some strange words.
The magic dart hits you.
* * * LOW HITPOINT WARNING * * *
The cerulean imp hits you from afar with a +2 spear.
* * * LOW HITPOINT WARNING * * *
You climb upwards.
The cerulean imp disappears in a puff of smoke!
There is a stone staircase leading down here.
You barely miss Natasha. Natasha claws you!
You die...
Natasha begins licking her fur clean.

#..##.....#
#..##...#.#
#..######.# #..# #.#
### ###.###
##.#####<##
#.....####...##.#.#>
##.....##.....#♣.....
#.........#...#≈♣...♣
#..h@..#..##.##≈~♣.♣≈
#......#..##.##≈≈♣.♣≈
#.##.###..##..##≈♣.♣≈
#.#>..##..########'##
#.#.#..............##
#.#...##.............
#.######.############
#.# #.# #.######.#


You could see Natasha.

Vanquished Creatures
  2 adders (D:2)
  A dart slug (D:2)
  4 endoplasms
  A giant cockroach (D:2)
  A goblin (D:2)
  5 hobgoblins (D:1)
  A kobold (D:1)
  2 quokkas
  3 ball pythons
  3 bats
  5 frilled lizards
  4 rats
  A spectral goblin (D:2)
33 creatures vanquished.

Notes
Turn   | Place    | Note
-------+----------+-------------------------------------------
     0 | D:1      | Bobbunny the Naga Warper began the quest for the Orb.
     0 | D:1      | Reached XP level 1. HP: 19/19 MP: 3/3
    76 | D:1      | Reached skill level 1 in Throwing
   167 | D:1      | Reached skill level 1 in Stealth
   219 | D:1      | Reached XP level 2. HP: 26/26 MP: 5/5
   590 | D:1      | Reached XP level 3. HP: 33/33 MP: 6/6
  1078 | D:2      | Found a faded altar of an unknown god.
  1216 | D:2      | Reached XP level 4. HP: 33/40 MP: 7/7
  1358 | D:2      | Noticed Natasha
  1372 | D:1      | Slain by Natasha

Illustrated notes

Levels and vault maps discovered:
D:1:      saegor_arrival_simple_d, layout_loops_ring
D:2:      minmay_recursive_quarters, layout_basic,
          dreamdust_ecumenical_altar_drowned_temple, uniq_natasha

Skill      XL: |  1  2  3  4 |
---------------+-------------+-----
Throwing       | 1 |  1.0
Stealth        | 1 2 3 |  3.2
Fighting       | 3 |  3.0
Unarmed Combat | 3 |  3.0
Armour         | |  0.7
Dodging        | |  1.5
Spellcasting   | |  2.0
Translocations | |  3.0

Action                     |  1- 3 |  4- 6 || total
---------------------------+-------+-------++-------
  Melee: Unarmed           |   116 |    17 ||   133
         Punch             |     1 |       ||     1
  Throw: Dart              |     1 |       ||     1
Ability: Spit Poison       |     4 |     2 ||     6
   Stab: Distracted        |     1 |       ||     1
         Sleeping          |     3 |       ||     3
 Armour: Leather armour    |    79 |    20 ||    99
  Dodge: Dodged            |    61 |     8 ||    69

Table legend: (Time is in decaauts)
 A = Elapsed time spent in this place.
 B = Non-inter-level travel time spent in this place.
 C = Inter-level travel time spent in this place.
 D = Time resting spent in this place.
 E = Time spent auto-exploring this place.
 F = Levels seen in this place.
 G = Mean time per level.
                   A        B        C        D        E       F      G
               +--------+--------+--------+--------+--------+-----+--------+
         Total |   1681 |   1613 |     68 |    198 |   1096 |   2 |  840.5 |
       Dungeon |   1681 |   1613 |     68 |    198 |   1096 |   2 |  840.5 |
               +--------+--------+--------+--------+--------+-----+--------+

Top non-repeatable levels by time:
     D:1: 1223 daAuts
     D:2: 457 daAuts
